 Dungeon Crawl Stone Soup version 0.32-a0-834-geaf45d8e21 (webtiles) character file.

Game seed: 145869130457684196

73 Spacecowgir2 the Slasher (level 4, -1/33 HPs)
             Began as a Demonspawn Gladiator on Mar 25, 2024.
             Slain by an ogre
             ... wielding a +0 giant club
              (14 damage)
             ... on level 4 of the Dungeon.
             The game lasted 00:06:24 (3162 turns).

Spacecowgir2 the Slasher (Demonspawn Gladiator)     Turns: 3162, Time: 00:06:24

Health: -1/33      AC:  4    Str: 11 (14) XL:     4   Next: 8%
Magic:  4/4        EV: 11    Int:  9      God:
Gold:   178        SH:  0    Dex: 13 (16) Spells: 3/3 levels left

rFire   . . .        f - +2 short sword (speed)
rCold   . . .        (no shield)
rNeg    . . .        b - +0 leather armour
rPois   .            c - +0 helmet
rElec   .            (no cloak)
rCorr   .            (no gloves)
SInv    .            (no boots)
Will    .....        (no amulet)
Stlth   +            (no ring)
HPRegen 0.25/turn    (no ring)
MPRegen 0.09/turn

%: no passive effects
@: no status effects
A: hooves 1
a: no special abilities


You were on level 4 of the Dungeon.
You visited 1 branch of the dungeon, and saw 4 of its levels.

You collected 178 gold pieces.

Inventory:

Hand Weapons
 f - a +2 short sword of speed (weapon)
Missiles
 d - 3 throwing nets (quivered)
 e - a javelin
Armour
 b - a +0 leather armour (worn)
 c - a +0 helmet (worn)
Scrolls
 a - a scroll of teleportation
 g - a scroll of identify
 q - a scroll of vulnerability
Potions
 h - a potion of curing {unknown}
 i - a potion of enlightenment


   Skills:
 + Level 2.1 Fighting
 + Level 1.6(2.6) Short Blades
 + Level 3.2(3.4) Long Blades
 + Level 1.7 Throwing
 + Level 1.2 Armour
 + Level 3.2 Dodging
 + Level 0.1 Stealth


You had 3 spell levels left.
You didn't know any spells.
Your spell library contained the following spells:

 Spells                   Type           Power      Damage    Failure   Level
 Call Canine Familiar     Summ           0%         N/A       85%         3
 Sigil of Binding         Hex            0%         N/A       85%         3
 Summon Ice Beast         Ice/Summ       0%         N/A       85%         3
 Dimensional Bullseye     Hex/Tloc       0%         N/A       99%         4
 Summon Mana Viper        Hex/Summ       0%         N/A       100%        5
 Monstrous Menagerie      Summ           0%         N/A       100%        7


Dungeon Overview and Level Annotations

Branches:
Dungeon (4/15)
 Temple: D:4-7

Altars:


Innate Abilities, Weirdness & Mutations

You have large cloven feet.


Message History

You are too injured to fight recklessly!
You are too injured to fight recklessly!
You are too injured to fight recklessly!
You are too injured to fight recklessly!
You are too injured to fight recklessly!
You are too injured to fight recklessly!
You are too injured to fight recklessly!
You are too injured to fight recklessly!
You are too injured to fight recklessly!
You are too injured to fight recklessly!
You are too injured to fight recklessly!
You are too injured to fight recklessly!
You are too injured to fight recklessly!
You are too injured to fight recklessly!
You are too injured to fight recklessly!
You are too injured to fight recklessly!
You are too injured to fight recklessly!
You are too injured to fight recklessly!
You are too injured to fight recklessly!
You are too injured to fight recklessly!
You are too injured to fight recklessly!
You are too injured to fight recklessly!
You are too injured to fight recklessly!
You are too injured to fight recklessly!
You are too injured to fight recklessly!
You are too injured to fight recklessly!
There are monsters nearby!
You closely miss the kobold. The ball python barely misses you.
The ball python grabs you. The ball python constricts you.
The ball python's grasp on you weakens, but your attempt to escape fails.
The kobold hits you with a +0 club. The ogre barely misses you.
The ball python bites you but does no damage.
The ball python constricts you.
Unknown command.
The ball python's grasp on you weakens, but your attempt to escape fails.
The kobold barely misses you. The ball python bites you.
The ball python constricts you.
You escape the ball python's grasp.
The kobold misses you. The ogre hits you with a +0 giant club!
You die...

##.##
#####..#
##...##.##
##.....#..#
#.......#.##
#.......#..#
#.......S#.##
#.....KO.#..#
##.....@..#.#
##......##..
######## #.#
##


You could see an ogre, a ball python and a kobold.

Vanquished Creatures
  2 adders
  2 dart slugs
  A ribbon worm (D:3)
  An orc (D:3)
  4 ball pythons
  7 endoplasms
  5 giant cockroaches
  4 hobgoblins
  A quokka (D:2)
  3 bats
  A frilled lizard (D:2)
  3 goblins
  9 kobolds
  A rat (D:2)
44 creatures vanquished.

Notes
Turn   | Place    | Note
-------+----------+-------------------------------------------
     0 | D:1      | Spacecowgir2 the Demonspawn Gladiator began the quest for
                  | the Orb.
     0 | D:1      | Reached XP level 1. HP: 16/16 MP: 1/1
   414 | D:1      | Gained mutation: You have large cloven feet. [demonic
                  | ancestry]
   414 | D:1      | Reached XP level 2. HP: 22/22 MP: 2/2
  1286 | D:2      | Reached XP level 3. HP: 27/27 MP: 3/3
  1366 | D:2      | Reached skill level 1 in Short Blades
  2551 | D:3      | Reached skill level 1 in Armour
  3075 | D:3      | Reached XP level 4. HP: 29/33 MP: 4/4
  3153 | D:4      | Noticed an ogre
  3162 | D:4      | Slain by an ogre

Illustrated notes

Levels and vault maps discovered:
D:1:      zaba_arrival_water, layout_loops_ring
D:2:      layout_basic, minmay_domino_2
D:3:      layout_rooms
D:4:      layout_cave_pods, serial_shops, nicolae_shop_behind_doors

Skill      XL: |  1  2  3 |
---------------+----------+-----
Long Blades    | 3 |  3.2
Dodging        | 3 |  3.2
Short Blades   | 1 |  1.6
Armour         | 1 |  1.2
Fighting       | |  2.1
Throwing       | |  1.7
Stealth        | |  0.1

Action                     |  1- 3 |  4- 6 || total
---------------------------+-------+-------++-------
  Melee: Short sword       |   131 |     8 ||   139
         Long sword        |     1 |       ||     1
         Kick              |    33 |     1 ||    34
    Use: Scroll            |     8 |       ||     8
         Potion            |     5 |       ||     5
 Armour: Leather armour    |    46 |    10 ||    56
  Dodge: Dodged            |    52 |     9 ||    61

Table legend: (Time is in decaauts)
 A = Elapsed time spent in this place.
 B = Non-inter-level travel time spent in this place.
 C = Inter-level travel time spent in this place.
 D = Time resting spent in this place.
 E = Time spent auto-exploring this place.
 F = Levels seen in this place.
 G = Mean time per level.
                   A        B        C        D        E       F      G
               +--------+--------+--------+--------+--------+-----+--------+
         Total |   3125 |   3125 |      0 |    754 |   1556 |   4 |  781.2 |
       Dungeon |   3125 |   3125 |      0 |    754 |   1556 |   4 |  781.2 |
               +--------+--------+--------+--------+--------+-----+--------+

Top non-repeatable levels by time:
     D:2: 1703 daAuts
     D:1: 810 daAuts
     D:3: 536 daAuts
     D:4: 75 daAuts
